 Dungeon Crawl Stone Soup version 0.22.1-1-ga44c0e5 (webtiles) character file.

272 shibboleth the Shield-Bearer (level 6, -1/47 HPs)
             Began as a Human Fighter on Oct 25, 2018.
             Slain by a crimson imp (3 damage)
             ... summoned by Natasha
             ... on level 3 of the Dungeon.
             The game lasted 00:31:26 (3429 turns).

shibboleth the Shield-Bearer (Human Fighter)        Turns: 3429, Time: 00:31:31

Health: -1/47      AC:  0    Str: 18    XL:     6   Next: 48%
Magic:  6/6        EV: 18    Int: 14    God:
Gold:   111        SH:  0    Dex: 17    Spells: 5/5 levels left

rFire    . . .     SeeInvis .   (weapon currently unavailable)
rCold    . . .     Gourm    .   (shield currently unavailable)
rNeg     . . .     Faith    .   (armour currently unavailable)
rPois    .         Spirit   .   (helmet currently unavailable)
rElec    .         Reflect  .   (cloak currently unavailable)
rCorr    .         Harm     .   (gloves currently unavailable)
MR       .....                  (boots currently unavailable)
Stlth    ++........             (no amulet)
HPRegen  0.15/turn              (ring currently unavailable)
MPRegen  0.10/turn              (ring currently unavailable)

@: brilliant, bat-form, flying, very slightly contaminated, invisible
(expiring), very quick
A: tiny
a: no special abilities


You were on level 3 of the Dungeon.
You were not hungry.
You were in bat-form.
You visited 1 branch of the dungeon, and saw 4 of its levels.
You also visited: Sewer.

You collected 111 gold pieces.

Inventory:

Hand Weapons
 a - a +0 long sword (melded)
 g - a +0 club
 h - a +0 club
 i - a +0 club
 n - a +2 hunting sling of flaming
 K - a +0 morningstar
Missiles
 e - 31 poisoned needles
 s - 28 arrows
Armour
 b - a +1 scale mail
 c - a +0 shield (melded)
 j - a +0 leather armour
 k - a +0 helmet (melded)
 m - a +0 buckler
 q - a +0 plate armour (melded)
 v - a +0 ring mail
 y - a +0 robe
 B - a +0 robe
 C - a +0 pair of boots (melded)
 D - a +0 robe
Jewellery
 E - a ring of see invisible (melded)
 H - a ring of teleportation (melded)
Scrolls
 r - a scroll of random uselessness
 t - 2 scrolls of identify
Potions
 d - 2 potions of might
 l - a potion of heal wounds
 z - a potion of flight {unknown}
 F - a potion of magic
Comestibles
 f - 2 rations


   Skills:
 + Level 3.6 Fighting
 + Level 4.0 Long Blades
 + Level 3.4 Armour
 + Level 0.5 Dodging
 + Level 0.1 Stealth
 + Level 4.9 Shields


You had 5 spell levels left.
You didn't know any spells.
Your spell library was empty.

Dungeon Overview and Level Annotations

Branches:
Dungeon (4/15)
 Temple: D:4-7

Altars:

Annotations:
D:3 Natasha


Message History

Natasha is moderately wounded.
Natasha claws you!
You hit Natasha.
Natasha is heavily wounded.
Natasha barely misses you.
You hit Natasha but do no damage.
Natasha is heavily wounded.
You flicker for a moment.
Natasha claws you!
* * * LOW HITPOINT WARNING * * *
You hit Natasha.
Natasha is heavily wounded.
The crimson imp closely misses you.
You hit Natasha.
Natasha is severely wounded.
Natasha hisses.
Natasha claws you!
* * * LOW HITPOINT WARNING * * *
The crimson imp hits you.
You die...

...##.#....†....###......#
......#.........#.......##
......#...............###
.÷....#............####
....>.#.......#.####
#.###.#########...#
#.###.##.....<.#..#
#..............#.>#
...............#b.##
#####.###+####.5h..# ##
#.# #.# #.....# .# #.# #.#
#.....# .# #.# #.# #.....#
.####.# #.# #.#..##
......###.####.#..#
#######.....##.#..# #
#.....##.#..#


You could see Natasha and a crimson imp.

Vanquished Creatures
  A crimson imp (D:2)
  Terence (D:3)
  Natasha (twice) (D:3)
  5 adders
  An ooze (D:2)
  3 worms (D:3)
  3 dart slugs
  A leopard gecko (D:3)
  3 orcs (D:3)
  3 ball pythons
  7 giant cockroaches
  7 goblins
  11 hobgoblins
  8 jackals
  13 kobolds
  A quokka (D:2)
  12 bats
  7 frilled lizards
  9 rats
  2 plants (Sewer)
100 creatures vanquished.

Notes
Turn   | Place    | Note
-------+----------+-------------------------------------------
     0 | D:1      | shibboleth the Human Fighter began the quest for the Orb.
     0 | D:1      | Reached XP level 1. HP: 18/18 MP: 1/1
    93 | D:1      | Reached XP level 2. HP: 21/24 MP: 2/2
   306 | D:1      | Reached XP level 3. HP: 29/29 MP: 3/3
  1027 | D:2      | Reached XP level 4. HP: 30/35 MP: 4/4
  1683 | D:2      | Reached XP level 5. HP: 36/41 MP: 5/5
  1905 | D:3      | Found a glowing drain.
  1926 | Sewer    | Entered a sewer
  2975 | D:3      | Reached XP level 6. HP: 27/47 MP: 6/6
  3014 | D:3      | Noticed Terence
  3072 | D:3      | Noticed Natasha
  3098 | D:3      | HP: 1/47 [Natasha (4)]
  3100 | D:3      | Killed Natasha
  3177 | D:3      | Killed Terence
  3260 | D:3      | Noticed Natasha
  3393 | D:3      | Killed Natasha
  3406 | D:3      | Noticed Natasha
  3429 | D:3      | HP: 2/47 [Natasha (10)]
  3429 | D:3      | Slain by a crimson imp

Skill      XL: |  1  2  3  4  5  6 |
---------------+-------------------+-----
Long Blades    | 3 4 |  4.0
Shields        | 4 |  4.9
Fighting       | |  3.6
Armour         | |  3.4
Dodging        | |  0.5
Stealth        | |  0.1

Action                   |  1- 3 |  4- 6 || total
-------------------------+-------+-------++-------
Melee: Long sword        |    99 |   426 ||   525
       Unarmed           |       |    20 ||    20
  Use: Scroll            |     1 |     7 ||     8
       Potion            |       |    11 ||    11
  Eat: Chunk             |       |     5 ||     5
       Ration            |       |     2 ||     2
Armor: Scale mail        |    30 |       ||    30
       Plate armour      |    44 |   305 ||   349
       Skin              |       |     1 ||     1
Dodge: Dodged            |    17 |    73 ||    90
Block: Shield            |    64 |   249 ||   313
       Rpst.: Long sword |     4 |    17 ||    21
